 Dungeon Crawl Stone Soup version 0.21-a0-346-g330ab2c (webtiles) character file.

18402 Amnesiac the Geomancer (level 12, -7/91 HPs)
             Began as a Gnoll Earth Elementalist on Oct 5, 2017.
             Was a Priest of Ashenzari.
             Killed from afar by an orc sorcerer (44 damage)
             ... with a bolt of negative energy
             ... on level 1 of the Orcish Mines.
             The game lasted 00:28:50 (10413 turns).

Amnesiac the Geomancer (Gnoll Earth Elementalist)  Turns: 10413, Time: 00:28:51

Health: -7/91      AC: 10    Str: 11    XL:     12   Next: 58%
Magic:  1/24       EV: 19    Int: 23    God:    Ashenzari [***...]
Gold:   919        SH:  9    Dex: 15    Spells: 4/28 levels left

rFire    + . .     SeeInvis +   a - +3 dagger
rCold    . . .     Gourm    .   D - +0 buckler
rNeg     . . .     Faith    .   c - +2 robe {MR+}
rPois    +         Spirit   .   B - +0 helmet (curse)
rElec    .         Reflect  +   (no cloak)
rCorr    .         Harm     .   v - +2 pair of gloves (curse)
MR       +....                  h - +0 pair of boots (curse)
Stlth    ++++......             T - +3 amulet of reflection
HPRegen  0.25/turn              J - ring of protection from fire (curse)
MPRegen  0.19/turn              M - ring of poison resistance (curse)

@: drained
A: distributed training, fangs 1, strong nose
a: Curse Item, Scrying, Renounce Religion


You were on level 1 of the Orcish Mines.
You worshipped Ashenzari.
Ashenzari was most pleased with you.
You were hungry.

You visited 3 branches of the dungeon, and saw 13 of its levels.

You collected 919 gold pieces.

Inventory:

Hand Weapons
 a - a +3 dagger (weapon)
 b - a +2 blowgun
 j - a +0 trident of venom
 w - a +1 whip of electrocution
Missiles
 k - 46 poisoned needles
 K - 16 curare-tipped needles
Armour
 c - a +2 robe of magic resistance (worn)
 h - a cursed +0 pair of boots (worn)
 v - a cursed +2 pair of gloves (worn)
 B - a cursed +0 helmet (worn)
 D - a +0 buckler (worn)
Magical Staves
 f - an uncursed staff of death
 I - an uncursed staff of cold
Jewellery
 J - a cursed ring of protection from fire (left hand)
 M - a cursed ring of poison resistance (right hand)
 O - an uncursed ring of wizardry
 T - a +3 amulet of reflection (around neck)
Wands
 N - a wand of confusion (14/48)
 U - a wand of lightning (3/15)
Scrolls
 g - 5 scrolls of teleportation {!r}
 o - 2 scrolls of magic mapping {!r}
 p - 2 scrolls of recharging {!r}
 q - 3 scrolls of remove curse {!r}
 t - 2 scrolls of fear {!r}
 y - 2 scrolls of blinking {!r}
 z - 3 scrolls of fog {!r}
 A - a scroll of amnesia {!r}
 E - 3 scrolls of enchant armour {!r}
 H - a scroll of enchant weapon {!r}
 Y - 3 scrolls of identify {!r}
Potions
 e - a potion of resistance {!q, unknown}
 i - 3 potions of curing {!q, unknown}
 l - 3 potions of heal wounds {!q, unknown}
 n - 2 potions of flight {!q, unknown}
 s - 2 potions of lignification {!q, unknown}
 u - 3 potions of degeneration {!q, unknown}
 x - 3 potions of haste {!q}
 C - 2 potions of brilliance {!q, unknown}
 F - a potion of magic {!q, unknown}
 L - 2 potions of ambrosia {!q, unknown}
 P - a potion of might {!q}
 Q - a potion of invisibility {!q}
 S - 3 potions of mutation {!q}
 W - a potion of berserk rage {!q, unknown}
 Z - a potion of agility {!q, unknown}
Comestibles
 d - 7 bread rations
 m - 5 meat rations
 r - 4 chunks of flesh
 R - 24 fruits


   Skills:
 + Level 7.3(6.5) Fighting
 + Level 7.3(6.5) Short Blades
 + Level 7.3(6.5) Long Blades
 + Level 7.3(6.5) Axes
 + Level 7.3(6.5) Maces & Flails
 + Level 7.3(6.5) Polearms
 + Level 7.3(6.5) Staves
 + Level 7.3(6.5) Slings
 + Level 7.3(6.5) Bows
 + Level 7.3(6.5) Crossbows
 + Level 7.3(6.5) Throwing
 + Level 7.3(6.5) Armour
 + Level 8.7(9.7) Dodging
 + Level 8.5(9.5) Stealth
 + Level 7.3(6.5) Shields
 + Level 7.3(6.5) Unarmed Combat
 + Level 8.9(8.1) Spellcasting
 + Level 7.3(8.4) Conjurations
 + Level 7.3(8.4) Hexes
 + Level 7.3(8.4) Charms
 + Level 7.3(8.4) Summonings
 + Level 7.3(8.4) Necromancy
 + Level 7.3(8.4) Translocations
 + Level 7.8(8.9) Transmutations
 + Level 7.3(8.4) Fire Magic
 + Level 7.3(8.4) Ice Magic
 + Level 7.3(8.4) Air Magic
 + Level 9.8(10.7) Earth Magic
 + Level 7.3(8.4) Poison Magic
 + Level 7.3(6.5) Invocations
 + Level 7.3(8.4) Evocations


You had 4 spell levels left.
You knew the following spells:

 Your Spells              Type           Power        Failure   Level  Hunger
b - Passwall              Tmut/Erth      ######....   1%          2    None
c - Summon Butterflies    Summ           #####...     1%          1    None
d - Lee's Rapid Deconstr  Erth           ######....   2%          5    #####..
e - Petrify               Tmut/Erth      ######..     1%          4    ###....
f - Summon Hydra          Summ           #####.....   87%         7    #######
g - Cause Fear            Hex            #####.....   1%          4    ###....
q - Sandblast             Erth           ######       1%          1    None


Dungeon Overview and Level Annotations

Branches:
Dungeon (10/15)            Temple (1/1) D:6            Lair (0/6) D:8
    Orc (2/2) D:10            Elf (0/3) Orc:2

Altars:
Ashenzari
Cheibriados
Dithmenos
Elyvilon
Fedhas
Gozag
Hepliaklqana
Kikubaaqudgha
Makhleb
Nemelex Xobeh
Okawaru
Qazlal
Ru
Sif Muna
Trog
Uskayaw
Vehumet
Wu Jian
Xom
Yredelemnul
Zin
The Shining One

Shops:
Orc:1 %%   Orc:2 [


Innate Abilities, Weirdness & Mutations

Your experience applies equally to all skills.
You have very sharp teeth.
Your uncanny sense of smell can sniff out nearby items.


Message History

Things that are here:
a cursed giant spiked club; an uncursed dire flail A warg comes into view.
Casting: Petrify
Confirm with . or Enter, or press ? or * to list all spells.
Aiming: Petrify
Press: ? - help, Shift-Dir - straight line, f - warg
Aim: a warg (hasn't noticed you, chance to defeat MR: 59%)
The warg howls!
The warg resists with significant effort.
You are feeling hungry.
You hear a shout!
Unknown command.
Casting: Petrify
Confirm with . or Enter, or press ? or * to list all spells.
Aiming: Petrify
Press: ? - help, Shift-Dir - straight line, f/p - warg
Aim: a warg (chance to defeat MR: 59%)
The warg is moving more slowly.
An ogre comes into view. It is wielding a giant club.
Unknown command.
An ogre comes into view. It is wielding a giant spiked club.
An ogre comes into view. It is wielding a giant club.
The warg stops moving altogether!
The helpless warg fails to defend itself.
You stick the warg like a pincushion!!!!
You kill the warg!
Some of the chunks of flesh in your inventory have rotted away.
There is a stone staircase leading up, spattered with blood here.
The cyclops throws a large rock.
The large rock hits you!!!
You climb upwards.
The orc wizard shouts!
An orc, an orc warrior, an orc wizard and an orc sorcerer come into view.
Ashenzari warns you: The orc warrior is wielding a long sword and quivering 7 tomahawks of returning.
The orc is wielding a flail and wearing a ring mail of fire resistance.
The orc shouts!
You hear a shout! x2
The orc warrior throws a tomahawk of returning.
The tomahawk of returning misses you.
The weapon returns to the orc warrior!
The orc wizard shouts!
The orc sorcerer shouts!
Found 25 gold pieces.
An orc priest comes into view. It is wielding a club.
There is a stone staircase leading down here.
Casting: Petrify
Confirm with . or Enter, or press ? or * to list all spells.
Aiming: Petrify
Press: ? - help, Shift-Dir - straight line, f - orc sorcerer
Aim: an orc sorcerer, wielding a dagger and wearing a robe (chance to defeat MR: 59%)
The orc sorcerer is moving more slowly.
The orc warrior throws a tomahawk of returning.
The tomahawk of returning hits you!
* * * LOW HITPOINT WARNING * * *
The weapon returns to the orc warrior!
The orc wizard mumbles some strange words.
The orc wizard seems to speed up. 2 orc wizards come into view.
Unknown command. 2 orcs come into view.
The orc shouts! x2
The orc warrior throws a tomahawk of returning.
You reflect the tomahawk of returning off an invisible shield around you!
The tomahawk of returning closely misses the orc warrior.
The weapon returns to the orc warrior!
The orc sorcerer casts a spell at you. The bolt of negative energy hits you!
You feel drained.
You die...

* ###### ### *
##.....###..##
*
,#......@.....#
.....o..>....#
,
....oo.......#
..o.........##
o........$..#
.o...........#
, ,
T#o..........#
..oo..#.#..## *
..o..###....


You could see a troll (wandering), an orc sorcerer (petrifying), 2 orc warriors,
an orc priest, 3 orc wizards and 2 orcs.

Vanquished Creatures
  Josephine (D:10)
  5 two-headed ogres
  An ogre mage (Orc:2)
  Sonja (D:10)
  An orc knight (Orc:1)
  2 orc sorcerers
  A cyclops (Orc:1)
  Joseph (D:10)
  7 trolls
  2 hippogriffs
  5 wraiths (D:10)
  7 yaks
  6 wargs
  A water moccasin (D:10)
  4 porcupines (D:8)
  An ice beast (D:7)
  3 black bears (D:8)
  16 orc warriors
  2 sky beasts
  A phantom (D:6)
  13 ogres
  3 centaurs
  3 crocodiles
  3 big kobolds
  5 bullfrogs
  2 jellies (D:9)
  2 scorpions (D:4)
  3 howler monkeys (D:8)
  6 crimson imps
  2 centaur zombies
  2 bullfrog zombies
  4 hounds
  3 bullfrog skeletons
  14 orc priests
  23 orc wizards
  2 iguanas (D:5)
  3 worker ants
  Robin (D:2)
  4 adders
  A howler monkey skeleton (D:8)
  A shadow imp (D:9)
  2 adder skeletons
  3 adder zombies
  2 worms (D:3)
  3 dart slugs
  4 leopard geckos
  84 orcs
  4 ball pythons
  6 giant cockroaches
  15 goblins
  8 hobgoblins
  10 jackals
  3 quokkas
  13 bats
  3 frilled lizards
  A jackal skeleton (D:6)
  16 kobolds
  6 rats
  2 butterflies (D:6)
353 creatures vanquished.

Vanquished Creatures (others)
  An orc (Orc:1)
  A goblin (D:2)
  29 fungi (D:8)
  6 plants (D:8)
37 creatures vanquished.

Grand Total: 390 creatures vanquished

Notes
Turn   | Place    | Note
-------+----------+-------------------------------------------
     0 | D:1      | Amnesiac the Gnoll Earth Elementalist began the quest for the Orb.
     0 | D:1      | Reached XP level 1. HP: 13/13 MP: 6/6
    97 | D:1      | Reached XP level 2. HP: 15/19 MP: 4/7
   132 | D:2      | Learned a level 2 spell: Passwall
   367 | D:3      | Reached XP level 3. HP: 25/25 MP: 6/9
   383 | D:3      | Reached skill level 5 in Spellcasting
   450 | D:4      | Noticed an ogre
   457 | D:4      | Killed an ogre
   457 | D:4      | Reached skill level 1 in Fighting
   457 | D:4      | Reached skill level 1 in Short Blades
   457 | D:4      | Reached skill level 1 in Long Blades
   457 | D:4      | Reached skill level 1 in Axes
   457 | D:4      | Reached skill level 1 in Maces & Flails
   457 | D:4      | Reached skill level 1 in Polearms
   457 | D:4      | Reached skill level 1 in Staves
   457 | D:4      | Reached skill level 1 in Slings
   457 | D:4      | Reached skill level 1 in Bows
   457 | D:4      | Reached skill level 1 in Crossbows
   457 | D:4      | Reached skill level 1 in Throwing
   457 | D:4      | Reached skill level 1 in Armour
   457 | D:4      | Reached skill level 1 in Shields
   457 | D:4      | Reached skill level 1 in Unarmed Combat
   457 | D:4      | Reached skill level 1 in Conjurations
   457 | D:4      | Reached skill level 1 in Hexes
   457 | D:4      | Reached skill level 1 in Charms
   457 | D:4      | Reached skill level 1 in Summonings
   457 | D:4      | Reached skill level 1 in Necromancy
   457 | D:4      | Reached skill level 1 in Translocations
   457 | D:4      | Reached skill level 1 in Fire Magic
   457 | D:4      | Reached skill level 1 in Ice Magic
   457 | D:4      | Reached skill level 1 in Air Magic
   457 | D:4      | Reached skill level 1 in Poison Magic
   457 | D:4      | Reached skill level 1 in Invocations
   457 | D:4      | Reached skill level 1 in Evocations
   457 | D:4      | Reached XP level 4. HP: 32/32 MP: 7/11
   457 | D:4      | Reached XP level 5. HP: 37/37 MP: 7/12
   551 | D:4      | Learned a level 4 spell: Petrify
   557 | D:4      | Learned a level 5 spell: Lee's Rapid Deconstruction
   599 | D:4      | Reached XP level 6. HP: 35/44 MP: 11/13
   697 | D:5      | Entered Level 5 of the Dungeon
   819 | D:4      | Reached skill level 5 in Dodging
  1398 | D:5      | Reached XP level 7. HP: 50/50 MP: 12/15
  1498 | D:6      | Found a staircase to the Ecumenical Temple.
  1503 | Temple   | Entered the Ecumenical Temple
  1698 | Temple   | Became a worshipper of Ashenzari the Shackled
  1772 | D:6      | Reached skill level 7 in Earth Magic
  1881 | D:5      | Reached skill level 5 in Stealth
  2637 | D:2      | Noticed Robin
  2653 | D:2      | Killed Robin
  3721 | D:5      | Reached XP level 8. HP: 52/57 MP: 16/16
  4121 | D:5      | Reached * piety under Ashenzari
  5075 | D:6      | Reached XP level 9. HP: 44/65 MP: 4/18
  5813 | D:8      | Reached skill level 5 in Transmutations
  5934 | D:8      | Reached skill level 8 in Earth Magic
  6052 | D:8      | Found a staircase to the Lair.
  6080 | D:8      | Reached XP level 10. HP: 66/73 MP: 2/20
  6233 | D:8      | Reached skill level 5 in Fighting
  6233 | D:8      | Reached skill level 5 in Short Blades
  6233 | D:8      | Reached skill level 5 in Long Blades
  6233 | D:8      | Reached skill level 5 in Axes
  6233 | D:8      | Reached skill level 5 in Maces & Flails
  6233 | D:8      | Reached skill level 5 in Polearms
  6233 | D:8      | Reached skill level 5 in Staves
  6233 | D:8      | Reached skill level 5 in Slings
  6233 | D:8      | Reached skill level 5 in Bows
  6233 | D:8      | Reached skill level 5 in Crossbows
  6233 | D:8      | Reached skill level 5 in Throwing
  6233 | D:8      | Reached skill level 5 in Armour
  6233 | D:8      | Reached skill level 5 in Shields
  6233 | D:8      | Reached skill level 5 in Unarmed Combat
  6233 | D:8      | Reached skill level 5 in Conjurations
  6233 | D:8      | Reached skill level 5 in Hexes
  6233 | D:8      | Reached skill level 5 in Charms
  6233 | D:8      | Reached skill level 5 in Summonings
  6233 | D:8      | Reached skill level 5 in Necromancy
  6233 | D:8      | Reached skill level 5 in Translocations
  6233 | D:8      | Reached skill level 5 in Fire Magic
  6233 | D:8      | Reached skill level 5 in Ice Magic
  6233 | D:8      | Reached skill level 5 in Air Magic
  6233 | D:8      | Reached skill level 5 in Poison Magic
  6233 | D:8      | Reached skill level 5 in Invocations
  6233 | D:8      | Reached skill level 5 in Evocations
  6430 | D:8      | Found a sparkling altar of Nemelex Xobeh.
  6576 | D:8      | Learned a level 1 spell: Summon Butterflies
  6947 | D:9      | Reached ** piety under Ashenzari
  7087 | D:9      | Found a deep blue altar of Sif Muna.
  7089 | D:9      | Found a sacrificial altar of Ru.
  7091 | D:9      | Found a shimmering altar of Xom.
  7093 | D:9      | Found a hide-covered altar of Uskayaw.
  7094 | D:9      | Found a basalt altar of Yredelemnul.
  7097 | D:9      | Found an opulent altar of Gozag.
  7098 | D:9      | Found a glowing silver altar of Zin.
  7285 | D:9      | Found an opulent altar of Gozag.
  7612 | D:10     | Entered Level 10 of the Dungeon
  7742 | D:10     | Got the mace "Otutocw" {flame, rC+ Int+2}
  7807 | D:10     | Noticed Josephine
  7824 | D:10     | Killed Josephine
  7837 | D:10     | Noticed Joseph
  7953 | D:10     | Reached XP level 11. HP: 33/81 MP: 1/22
  7968 | D:10     | Noticed Sonja
  7991 | D:10     | Killed Sonja
  8217 | D:10     | Killed Joseph
  8217 | D:10     | Reached skill level 9 in Earth Magic
  8246 | D:10     | Reached *** piety under Ashenzari
  8309 | D:10     | Found a staircase to the Orcish Mines.
  8554 | D:10     | Noticed a two-headed ogre
  8557 | D:10     | Killed a two-headed ogre
  8734 | Orc:1    | Entered Level 1 of the Orcish Mines
  8736 | Orc:1    | Noticed an orc knight
  9173 | Orc:1    | Noticed a cyclops
  9195 | Orc:1    | Killed a cyclops
  9352 | Orc:1    | Killed an orc knight
  9528 | Orc:1    | Found Paboud's Food Shop.
  9570 | Orc:1    | Noticed an orc sorcerer
  9584 | Orc:1    | Killed an orc sorcerer
  9594 | Orc:1    | Found Xitu's Food Emporium.
  9648 | Orc:2    | Entered Level 2 of the Orcish Mines
  9660 | Orc:2    | Noticed a two-headed ogre
  9717 | Orc:2    | Killed a two-headed ogre
  9717 | Orc:2    | Reached XP level 12. HP: 89/89 MP: 18/24
  9775 | Orc:2    | Found a staircase to the Elven Halls.
  9876 | Orc:2    | Learned a level 7 spell: Summon Hydra
  9883 | Orc:2    | Learned a level 4 spell: Cause Fear
  9957 | Orc:2    | Found Uteowny's Antique Armour Emporium.
  9958 | Orc:2    | Noticed a two-headed ogre
 10010 | Orc:2    | Noticed a two-headed ogre
 10016 | Orc:2    | Noticed an ogre mage
 10154 | Orc:2    | Noticed a two-headed ogre
 10154 | Orc:2    | Killed an ogre mage
 10157 | Orc:2    | Killed a two-headed ogre
 10180 | Orc:2    | Killed a two-headed ogre
 10391 | Orc:2    | Noticed a two-headed ogre
 10397 | Orc:2    | Killed a two-headed ogre
 10413 | Orc:1    | Killed from afar by an orc sorcerer

Vault maps used:
D:1:      matt_arrival_diagonals, feat_on_display
D:2:      first_bread, uniq_robin
D:3:      nrook_uturn
D:5:      minivault_14
D:6:      minmay_temple_entry_butterflies
D:8:      due_lair_maze_entry_diamond, nemelex_xobeh_ov_fountains_minmay
D:9:      grunt_temple_overflow_open, blue_anna_alchemist, eino_tiny_chamber,
          grunt_gozag_statues
D:10:     orc_0_dummy, minivault_22, dk_noncrumbling_4, uniq_joseph, uniq_sonja,
          uniq_josephine
Temple:   regret_index_temple_generic_petals
Orc:1:    serial_shops, shop, shop
Orc:2:    st_orc_open

Skill      XL: |  1  2  3  4  5  6  7  8  9 10 11 12 |
---------------+-------------------------------------+-----
Spellcasting   | 5 6 7 8 |  8.9
Fighting       | 1 2 3 4 5 6 7 |  7.3
Short Blades   | 1 2 3 4 5 6 7 |  7.3
Long Blades    | 1 2 3 4 5 6 7 |  7.3
Axes           | 1 2 3 4 5 6 7 |  7.3
Maces & Flails | 1 2 3 4 5 6 7 |  7.3
Polearms       | 1 2 3 4 5 6 7 |  7.3
Staves         | 1 2 3 4 5 6 7 |  7.3
Slings         | 1 2 3 4 5 6 7 |  7.3
Bows           | 1 2 3 4 5 6 7 |  7.3
Crossbows      | 1 2 3 4 5 6 7 |  7.3
Throwing       | 1 2 3 4 5 6 7 |  7.3
Armour         | 1 2 3 4 5 6 7 |  7.3
Shields        | 1 2 3 4 5 6 7 |  7.3
Unarmed Combat | 1 2 3 4 5 6 7 |  7.3
Conjurations   | 1 2 3 4 5 6 7 |  7.3
Hexes          | 1 2 3 4 5 6 7 |  7.3
Charms         | 1 2 3 4 5 6 7 |  7.3
Summonings     | 1 2 3 4 5 6 7 |  7.3
Necromancy     | 1 2 3 4 5 6 7 |  7.3
Translocations | 1 2 3 4 5 6 7 |  7.3
Fire Magic     | 1 2 3 4 5 6 7 |  7.3
Ice Magic      | 1 2 3 4 5 6 7 |  7.3
Air Magic      | 1 2 3 4 5 6 7 |  7.3
Poison Magic   | 1 2 3 4 5 6 7 |  7.3
Invocations    | 1 2 3 4 5 6 7 |  7.3
Evocations     | 1 2 3 4 5 6 7 |  7.3
Transmutations | 3 4 5 6 7 |  7.8
Dodging        | 5 6 7 8 |  8.7
Earth Magic    | 7 8 9 |  9.8
Stealth        | 5 6 7 8 |  8.5

Action                   |  1- 3 |  4- 6 |  7- 9 | 10-12 || total
-------------------------+-------+-------+-------+-------++-------
Melee: Dagger            |    26 |    33 |    95 |   178 ||   332
       Bite              |     3 |     2 |    35 |    15 ||    55
       Trident           |       |       |   299 |       ||   299
       Punch             |       |       |     4 |       ||     4
       Whip              |       |       |    28 |       ||    28
 Cast: Sandblast         |    18 |    13 |    29 |   142 ||   202
       Passwall          |     7 |     2 |    10 |    18 ||    37
       Petrify           |       |     8 |    34 |    57 ||    99
       Lee's Rapid Decon |       |     1 |    14 |    21 ||    36
       Summon Butterflie |       |       |       |     1 ||     1
Invok: Curse Item        |       |       |     3 |     2 ||     5
  Use: Scroll            |       |       |       |    12 ||    12
 Stab: Sleeping          |     6 |     3 |    25 |    15 ||    49
       Petrified         |       |     9 |    31 |    46 ||    86
       Petrifying        |       |     2 |     5 |     4 ||    11
       Distracted        |       |       |     2 |       ||     2
  Eat: Chunk             |       |     3 |    25 |    21 ||    49
Armor: Robe              |    10 |     5 |    72 |    29 ||   116
Dodge: Dodged            |    22 |    22 |   215 |   157 ||   416
Block: Buckler           |       |       |    29 |    69 ||    98
       Reflection        |       |       |       |     2 ||     2

Table legend:
 A = Spawn XP
 B = Non-spawn XP
 C = Spawn XP percentage of total XP
 D = Spawn monster count
 E = Non-spawn monster count
 F = Spawn count percentage of total count
 G = Total turns spent on level
                    A         B        C        D         E        F      G
               +---------+---------+-------+---------+---------+-------+---------
         Total |       0 |   26289 |   0.0 |       0 |     352 |   0.0 | 10413
               +---------+---------+-------+---------+---------+-------+---------
           D:1 |       0 |      39 |   0.0 |       0 |      26 |   0.0 |   657
           D:2 |       0 |      67 |   0.0 |       0 |      27 |   0.0 |   982
           D:3 |       0 |     106 |   0.0 |       0 |      23 |   0.0 |   505
           D:4 |       0 |     506 |   0.0 |       0 |      18 |   0.0 |   989
           D:5 |       0 |     293 |   0.0 |       0 |      12 |   0.0 |   749
           D:6 |       0 |    1617 |   0.0 |       0 |      44 |   0.0 |  1182
           D:7 |       0 |     679 |   0.0 |       0 |      23 |   0.0 |   510
           D:8 |       0 |    3115 |   0.0 |       0 |      53 |   0.0 |  1124
           D:9 |       0 |     741 |   0.0 |       0 |      18 |   0.0 |   680
          D:10 |       0 |    7384 |   0.0 |       0 |      42 |   0.0 |  1504
         Orc:1 |       0 |    3223 |   0.0 |       0 |      28 |   0.0 |   640
         Orc:2 |       0 |    8519 |   0.0 |       0 |      38 |   0.0 |   657
               +---------+---------+-------+---------+---------+-------+---------
